 Dungeon Crawl Stone Soup version 0.31.0-12-g77e489cdc1 (webtiles) character file.

Game seed: 2365960500804987989

7 Arctor the Firebug (level 1, -1/10 HPs)
             Began as a Deep Elf Fire Elementalist on Feb 12, 2024.
             Slain by a giant cockroach (2 damage)
             ... on level 1 of the Dungeon.
             The game lasted 00:00:13 (155 turns).

Arctor the Firebug (Deep Elf Fire Elementalist)      Turns: 155, Time: 00:00:13

Health: -1/10      AC:  2    Str:  5    XL:     1   Next: 83%
Magic:  1/6        EV: 12    Int: 19    God:
Gold:   47         SH:  0    Dex: 15    Spells: 5/6 levels left

rFire   . . .        (no weapon)
rCold   . . .        (no shield)
rNeg    . . .        a - +0 robe
rPois   .            (no helmet)
rElec   .            (no cloak)
rCorr   .            (no gloves)
SInv    .            (no boots)
Will    .....        (no amulet)
Stlth   ++           (no ring)
HPRegen 0.21/turn    (no ring)
MPRegen 0.10/turn

%: no passive effects
@: no status effects
A: no striking features
a: no special abilities


You were on level 1 of the Dungeon.
You visited 1 branch of the dungeon, and saw 1 of its levels.

You collected 47 gold pieces.

Inventory:

Armour
 a - a +0 robe (worn)
Potions
 b - a potion of magic


   Skills:
 + Level 2.6 Dodging
 + Level 2.6 Stealth
 + Level 3.1 Spellcasting
 + Level 1.3 Conjurations
 + Level 3.4 Fire Magic


You had 5 spell levels left.
You knew the following spells:

 Your Spells              Type           Power      Damage    Failure   Level
a - Foxfire               Conj/Fire      48%        2x1d6     6%          1

Your spell library contained the following spells:

 Spells                   Type           Power      Damage    Failure   Level
 Scorch                   Fire           30%        2d6       5%          2
 Inner Flame              Hex/Fire       9%         N/A       22%         3
 Volatile Blastmotes      Fire/Tloc      18%        2d11      22%         3
 Flame Wave               Conj/Fire      12%        2d6       50%         4


Dungeon Overview and Level Annotations

Branches:
Dungeon (1/15)

Altars:


Message History

The giant cockroach waves its antennae.
The giant cockroach barely misses you. The bat hits you but does no damage.
A nearby plant withers and dies.
The bat closely misses you. The jackal misses you.
The giant cockroach bites you.
The bat hits the plant.
The plant begins to die.
Casting: Foxfire (safe; 6% risk of failure)
Confirm with . or Enter, or press ? or * to list all spells.
You conjure some foxfire!
The bat closely misses you. The jackal bites you.
* * * LOW HITPOINT WARNING * * *
The bat misses you. The giant cockroach bites you.
* * * LOW HITPOINT WARNING * * *
The jackal closely misses you.
Sorry, you're not good enough to have a special ability.
The foxfire hits the bat.
You kill the bat!
The foxfire hits the giant cockroach.
The giant cockroach is almost dead.
The giant cockroach bites you.
* * * LOW HITPOINT WARNING * * *
The giant cockroach barely misses you. The jackal closely misses you.
The hobgoblin hits you but does no damage.
Unknown command.
Casting: Foxfire (safe; 6% risk of failure)
Confirm with . or Enter, or press ? or * to list all spells.
You conjure some foxfire!
A nearby plant withers and dies.
The jackal bites you.
* * * LOW HITPOINT WARNING * * *
The giant cockroach bites you but does no damage.
The jackal misses you.
The giant cockroach bites you but does no damage.
The foxfire hits the jackal.
The jackal is moderately wounded.
The foxfire hits the jackal.
The jackal is severely wounded.
The bat barely misses you. The jackal completely misses you.
The giant cockroach misses you. The hobgoblin closely misses you.
Unknown command.
The bat hits you but does no damage. The jackal barely misses you.
The giant cockroach bites you.
You die...

...## ###...P# #..♣P.P#
...... ...♣...# ####
........ .....♣.# +.P##
........ .....).# #.PP#
....#..# .......####..♣
###......
.#.P.P...#...♣#♣g#h..#.##
...♣.♣...'...P#†@bgr.#..##
..P......'..<♣#.hBh..#...#.
.......P.#P..P#♣.#r........
.......####..P####.........
#...♣P.#.P#.♣P###.....[..$.
.....♣.#♣.'.P###..r.......#
.#.♣...#P#######....†##...
.#.P...## ##...#?....?..
.#.....#######....##.......


You could see a quokka, 3 jackals, a giant cockroach, 2 hobgoblins, a bat and a
rat.

Vanquished Creatures
  2 bats (D:1)
  2 endoplasms (D:1)
  A hobgoblin (D:1)
5 creatures vanquished.

Vanquished Creatures (collateral kills)
  A foxfire (D:1)
1 creature vanquished.

Vanquished Creatures (others)
  21 foxfires (D:1)
21 creatures vanquished.

Grand Total: 27 creatures vanquished

Notes
Turn   | Place    | Note
-------+----------+-------------------------------------------
     0 | D:1      | Arctor the Deep Elf Fire Elementalist began the quest for
                  | the Orb.
     0 | D:1      | Reached XP level 1. HP: 10/10 MP: 6/6
   155 | D:1      | Slain by a giant cockroach

Illustrated notes

Levels and vault maps discovered:
D:1:      denvon_arrival_planthouse, layout_rooms

Action                     || total
---------------------------++-------
   Cast: Foxfire           ||    14
 Armour: Robe              ||    29
  Dodge: Dodged            ||    37
